 Dungeon Crawl Stone Soup version 0.31-a0-1236-gaa9e43cceb (webtiles) character file.

Game seed: 13782666794349879948

662743 Majang the Hoplite (level 27, -13/222 HPs)
             Began as a Formicid Fighter on Dec 13, 2023.
             Was the Champion of Cheibriados.
             Mangled by Pehyig the pandemonium lord (29 damage)
             ... on level 2 of the Depths on Dec 15, 2023.
             The game lasted 07:32:15 (63533 turns).

Majang the Hoplite (Formicid Fighter)              Turns: 63533, Time: 07:32:16

Health: -13/222    AC: 34    Str: 47    XL:     27
Magic:  31/32      EV: 23    Int: 26    God:    Cheibriados [******]
Gold:   3337       SH: 28    Dex: 32    Spells: 26/26 levels left

rFire   + + +        a - +5 battleaxe (holy)
rCold   + + +        y - +2 shield of Resistance {rF++ rC++ Will++}
rNeg    . . .        F - +4 gold dragon scales
rPois   +            (helmet unavailable)
rElec   +            g - scarf of Repulsion {+Inv, -Tele rElec rCorr Str+2}
rCorr   +            Y - +3 pair of gauntlets of War {Slay+5}
SInv    +            L - +2 pair of boots
Will    ++++.        O - amulet of reflection Stlth
                     f - ring "Umuap" {rF++ Str+6}
HPRegen 0.57/turn    B - +4 ring of slaying
MPRegen 0.23/turn

%: reflection
@: mighty, lethally poisoned (-13 -> -46), weakened, studying 3 skills, very
slow
A: permanent stasis, dig shafts and tunnels, antennae 3, four strong arms,
talons 1, clumsy 1, weak 1, inability to read after injury 1, MP-powered wands
0: Orb of Zot
}: 5/15 runes: barnacled, slimy, silver, abyssal, gossamer
a: Dig, Shaft Self, Renounce Religion, Evoke Invisibility, Bend Time, Temporal
Distortion, Slouch, Step From Time


You were on level 2 of the Depths.
You worshipped Cheibriados.
Cheibriados was exalted by your worship.
You visited 12 branches of the dungeon, and saw 54 of its levels.
You visited the Abyss 1 time.
You also visited: Gauntlet.

You collected 8563 gold pieces.
You spent 5226 gold pieces at shops.

Inventory:

Hand Weapons
 a - a +5 battleaxe of holy wrath (weapon)
 b - the +6 arbalest "Damnation" {damnation}
   (You found it on level 5 of the Vaults)
 u - the +10 morningstar "Eos" {elec, Halo rElec}
   (You found it on level 5 of the Pits of Slime)

   Halo:      It grants its wielder a halo, revealing invisible creatures and
   increasing accuracy against all within it other than the wielder.
   rElec:     It insulates you from electricity.
 H - a +9 vampiric battleaxe
 Q - a +6 battleaxe of freezing
 V - a +3 arbalest of freezing
Armour
 g - the scarf of Repulsion (worn) {+Inv, -Tele rElec rCorr Str+2}
   (You found it on level 4 of the Spider Nest)

   Str+2:     It affects your strength (+2).
   rElec:     It insulates you from electricity.
   -Tele:     It prevents most forms of teleportation.
   rCorr:     It protects you from acid and corrosion.
 j - the +4 dragonskin cloak
   (You took it off Tiamat on level 1 of the Realm of Zot)

   Avatar's Aegis: It grants the wearer a chance to resist fire, cold, poison,
   electricity, acid, and negative energy.
 y - the +2 shield of Resistance (worn) {rF++ rC++ Will++}
   (You acquired it on level 4 of the Dungeon)

   rF++:      It greatly protects you from fire.
   rC++:      It greatly protects you from cold.
   Will++:    It greatly increases your willpower.
 F - +4 gold dragon scales (worn)
 L - a +2 pair of boots (worn)
 Y - the +3 pair of gauntlets of War (worn) {Slay+5}
   (You found it on level 3 of the Elven Halls)

   Slay+5:    It affects your accuracy & damage with ranged weapons and melee
   (+5).
Jewellery
 f - the ring "Umuap" (left hand) {rF++ Str+6}
   (You found it on level 5 of the Pits of Slime)

   [ring of strength]

   Str+6:     It affects your strength (+6).
   rF++:      It greatly protects you from fire.
 B - a +4 ring of slaying (right hand)
 O - an amulet of reflection (around neck)
 T - the ring of Existentialism {Fly rElec MP+9 Str+5}
   (You found it on level 3 of the Elven Halls)

   [ring of flight]

   Str+5:     It affects your strength (+5).
   rElec:     It insulates you from electricity.
   MP+9:      It affects your magic capacity (+9).
   Fly:       It grants you flight.
Wands
 d - a wand of digging (7)
 p - a wand of light (56)
 t - a wand of flame (110)
 A - a wand of mindburst (46)
 N - a wand of roots (32)
Scrolls
 c - 5 scrolls of revelation
 e - 15 scrolls of immolation
 i - 7 scrolls of fog
 k - 9 scrolls of poison
 m - 7 scrolls of butterflies
 r - 2 scrolls of brand weapon
 v - 3 scrolls of noise
 E - 10 scrolls of fear
Potions
 h - 5 potions of resistance
 l - 13 potions of ambrosia
 o - 3 potions of magic
 q - 13 potions of lignification
 s - 9 potions of cancellation
 w - 14 potions of curing
 x - 5 potions of might
 G - 4 potions of invisibility
 I - 7 potions of attraction
 J - 7 potions of enlightenment
 K - 3 potions of heal wounds
Miscellaneous
 n - a lightning rod (4/4)
 M - a phantom mirror
 P - a tin of tremorstones (2/2)


   Skills:
 + Level 19.4 Fighting
 * Level 23.9 Axes
 * Level 23.5 Ranged Weapons
 + Level 18.1 Armour
 + Level 15.1 Dodging
 - Level 17.0 Stealth
 + Level 24.4 Shields
 - Level 12.0 Invocations
 + Level 14.4 Evocations


You had 26 spell levels left.
You didn't know any spells.
Your spell library contained the following spells:

 Spells                   Type           Power      Damage    Failure   Level
 Apportation              Tloc           0%         N/A       56%         1
 Freeze                   Ice            0%         1d3       56%         1
 Magic Dart               Conj           0%         1d3       56%         1
 Necrotise                Necr           0%         1d4       56%         1
 Sandblast                Erth           0%         2d4       56%         1
 Sting                    Tmut/Pois      0%         1d3       56%         1
 Summon Small Mammal      Summ           0%         N/A       56%         1
 Call Imp                 Summ           0%         N/A       71%         2
 Cigotuvi's Dreadful Rot  Necr/Pois/Air  0%         N/A       71%         2
 Ensorcelled Hibernation  Hex/Ice        0%         N/A       71%         2
 Jinxbite                 Hex            0%         N/A       71%         2
 Lesser Beckoning         Tloc           0%         N/A       71%         2
 Momentum Strike          Conj/Tloc      0%         3d8       71%         2
 Passwall                 Tmut/Erth      0%         N/A       71%         2
 Poisonous Vapours        Pois/Air       0%         N/A       71%         2
 Wereblood                Tmut           0%         N/A       71%         2
 Dazzling Flash           Conj/Hex       0%         N/A       90%         3
 Frozen Ramparts          Ice            0%         1d1       90%         3
 Gell's Gravitas          Tloc           0%         N/A       90%         3
 Hailstorm                Conj/Ice       0%         3d5       90%         3
 Ignite Poison            Fire/Tmut/Pois 0%         N/A       90%         3
 Inner Flame              Hex/Fire       0%         N/A       90%         3
 Mephitic Cloud           Conj/Pois/Air  0%         N/A       90%         3
 Ozocubu's Armour         Ice            0%         N/A       90%         3
 Stone Arrow              Conj/Erth      0%         3d7       90%         3
 Teleport Other           Tloc           0%         N/A       90%         3
 Tukima's Dance           Hex            0%         N/A       90%         3
 Vampiric Draining        Necr           0%         2d6       90%         3
 Volatile Blastmotes      Fire/Tloc      0%         2d10      90%         3
 Anguish                  Hex/Necr       0%         N/A       100%        4
 Animate Armour           Summ/Erth      0%         N/A       100%        4
 Brom's Barrelling Bould  Conj/Erth      0%         2d3       100%        4
 Cause Fear               Hex            0%         N/A       100%        4
 Dimensional Bullseye     Hex/Tloc       0%         N/A       100%        4
 Flame Wave               Conj/Fire      0%         2d4       100%        4
 Iskenderun's Mystic Bla  Conj/Tloc      0%         2d3       100%        4
 Manifold Assault         Tloc           0%         N/A       100%        4
 Olgreb's Toxic Radiance  Pois           0%         N/A       100%        4
 Passage of Golubria      Tloc           0%         N/A       100%        4
 Petrify                  Tmut/Erth      0%         N/A       100%        4
 Sticky Flame             Conj/Fire      0%         2d3       100%        4
 Summon Ice Beast         Ice/Summ       0%         N/A       100%        4
 Summon Lightning Spire   Summ/Air       0%         N/A       100%        4
 Agony                    Necr           0%         N/A       100%        5
 Alistair's Intoxication  Tmut/Pois      0%         N/A       100%        5
 Arcjolt                  Conj/Air       0%         1d10      100%        5
 Borgnjor's Vile Clutch   Necr/Erth      0%         N/A       100%        5
 Freezing Cloud           Conj/Ice/Air   0%         6-21      100%        5
 Irradiate                Conj/Tmut      0%         3d11      100%        5
 Lee's Rapid Deconstruct  Erth           0%         3d4*      100%        5
 Metabolic Englaciation   Hex/Ice        0%         N/A       100%        5
 Silence                  Hex/Air        0%         N/A       100%        5
 Summon Forest            Summ/Tloc      0%         N/A       100%        5
 Summon Mana Viper        Hex/Summ       0%         N/A       100%        5
 Yara's Violent Unravell  Hex/Tmut       0%         3d3       100%        5
 Conjure Ball Lightning   Conj/Air       0%         3x3d6     100%        6
 Dispersal                Tloc           0%         N/A       100%        6
 Eringya's Noxious Bog    Tmut/Pois      0%         4d6       100%        6
 Plasma Beam              Fire/Air       0%         2x1d10    100%        6
 Simulacrum               Ice/Necr       0%         N/A       100%        6
 Summon Cactus Giant      Summ           0%         N/A       100%        6
 Enfeeble                 Hex            0%         N/A       100%        7
 Monstrous Menagerie      Summ           0%         N/A       100%        7
 Orb of Destruction       Conj           0%         9d5       100%        7
 Ozocubu's Refrigeration  Ice            0%         4d7       100%        7
 Spellforged Servitor     Conj/Summ      0%         N/A       100%        7
 Summon Hydra             Summ           0%         N/A       100%        7
 Discord                  Hex            0%         N/A       100%        8
 Disjunction              Tloc           0%         N/A       100%        8
 Ignition                 Fire           0%         3d3       100%        8
 Lehudib's Crystal Spear  Conj/Erth      0%         10d2      100%        8
 Chain Lightning          Conj/Air       0%         N/A       100%        9
 Fire Storm               Conj/Fire      0%         5d1       100%        9
 Polar Vortex             Ice            0%         N/A       100%        9
 Shatter                  Erth           0%         3d5*      100%        9
 Blink                    Tloc           Unusable   N/A       N/A         2
 Swiftness                Air            Unusable   N/A       N/A         3
 Vhi's Electric Charge    Tloc/Air       Unusable   N/A       N/A         4

Dungeon Overview and Level Annotations

Branches:
Dungeon (15/15)            Temple (1/1) D:6            Lair (5/5) D:11
 Shoals (4/4) Lair:3       Spider (4/4) Lair:2        Slime (5/5) Lair:4
    Orc (2/2) D:11            Elf (3/3) Orc:2        Vaults (5/5) D:14
  Crypt (0/3) Vaults:3     Depths (4/4) D:15           Hell (visited)
    Dis (0/7) Hell            Geh (0/7) Hell            Coc (0/7) Hell
    Tar (0/7) Hell            Zot (5/5) Depths:4    Gauntlet (visited)

Altars:
Ashenzari
Cheibriados
Dithmenos
Elyvilon
Fedhas
Gozag
Hepliaklqana
Kikubaaqudgha
Makhleb
Nemelex Xobeh
Okawaru
Qazlal
Ru
Sif Muna
Trog
Uskayaw
Vehumet
Wu Jian
Xom
Yredelemnul
Zin
The Shining One
Jiyva
Lugonu

Shops:
D:1 !((   D:7 [[*   D:9 (   Orc:1 **   Orc:2 *(=?   Elf:1 ::([(   Elf:3 [?:[(
Shoals:1 =   Vaults:3 !*

Portals:
Hell: Depths:1 Depths:2 Depths:3 Depths:4
Abyss: Lair:5 Depths:3
Pandemonium: Depths:2 Depths:3 Depths:4
Ziggurat: Depths:4

Annotations:
Depths:3 1 runed translucent door, Wiewnimod's ghost, veteran GrEE


Innate Abilities, Weirdness & Mutations

You cannot be hasted, slowed, berserked, paralysed or teleported.
You can dig through walls and to a lower floor.
You have a pair of large antennae on your head. (SInv)
Your four strong arms can wield two-handed weapons with a shield.
You have sharp toenails.
You are clumsy. (Dex -2)
You are weak. (Str -2)
You occasionally lose the ability to read scrolls when taking damage.
You expend magic power (3 MP) to strengthen your wands.


Message History

You completely miss Pehyig.
Pehyig is moderately wounded.
Pehyig hits you but does no damage.
You completely miss Pehyig.
Pehyig is moderately wounded.
You are engulfed in dark miasma.
You are poisoned.
Your stasis prevents you from being slowed.
* * * LOW HITPOINT WARNING * * *
You feel sick. Pehyig hits you but does no damage.
You feel very mighty all of a sudden.
You are engulfed in dark miasma.
* * * LOW HITPOINT WARNING * * *
You feel very sick. You block Pehyig's attack.
You slash Pehyig!
Pehyig convulses.
Pehyig is moderately wounded.
You are engulfed in dark miasma.
* * * LOW HITPOINT WARNING * * *
You feel sick. Pehyig hits you!!
* * * LOW HITPOINT WARNING * * *
You feel much better.
You are engulfed in dark miasma.
You are more poisoned.
* * * LOW HITPOINT WARNING * * *
You feel very sick. You block Pehyig's attack.
You feel better.
You are engulfed in dark miasma.
You are poisoned.
* * * LOW HITPOINT WARNING * * *
You feel very sick. You block Pehyig's attack. x2
You completely miss Pehyig.
Pehyig is moderately wounded.
You slash the soul eater!
The soul eater convulses!
You are engulfed in dark miasma.
You are lethally poisoned!
* * * LOW HITPOINT WARNING * * *
x2 You feel very sick.
You block the soul eater's attack. Pehyig hits you!!
You die...

##### ##### #####
##...# #..@# #...#
##....## #.3&#
#...#
##......######.°☼#
#...#
............##...#
#...#
#####.#####.##...#
#...#
#..#..##..#.##...#
#...#
#.##.#.#.##.##...#
#...#
##..##..###.##...#
#...#
##.#..##.##.##..°#
#...#


You could see Pehyig and a soul eater.

Vanquished Creatures
  the Royal Jelly (Slime:5)
  A pandemonium lord (Depths:2)
  5 dread liches
  2 ancient liches
  Tiamat (Zot:1)
  4 orbs of fire
  Mara (Shoals:3)
  Boris (Depths:3)
  2 Killer Klowns (Zot:5)
  Sojobo (Vaults:5)
  Margery (Vaults:2)
  Bai Suzhen (Shoals:2)
  Saint Roka (Orc:2)
  Geryon (Hell)
  8 golden dragons
  the Enchantress (Depths:3)
  Jory (Vaults:5)
  2 bone dragons
  3 electric golems (Zot:5)
  2 Brimstone Fiends
  Arachne (Spider:2)
  A Hell Sentinel (Zot:5)
  6 tentacled monstrosities
  Mlioglotl (Shoals:3)
  The ghost of bezhaha the Cryomancer, an adept HuIE of Vehumet (Vaults:1)
  An Ice Fiend (Depths:2)
  A hellephant (Zot:5)
  Asterion (Vaults:1)
  27 Orb Guardians
  A walking divine tome (Depths:4)
  23 acid blobs
  10 titans
  2 deep elf master archers (Elf:3)
  2 deep elf blademasters (Elf:3)
  5 sphinxes
  A kraken (Shoals:4)
  4 quicksilver dragons
  6 death cobs
  2 tentacled starspawn (Abyss:1)
  3 shadow dragons
  9 storm dragons
  5 tengu reavers
  Donald (Orc:1)
  11 azure jellies
  2 revenants
  5 fire giants
  7 rockslimes
  7 draconian knights
  8 draconian monks
  5 draconian shifters
  3 protean progenitors
  5 iron dragons
  4 ghost moths
  21 vault wardens
  7 draconian scorchers
  14 frost giants
  4 deep elf elementalists (Elf:3)
  2 juggernaut zombies (Depths:1)
  Louise (D:14)
  2 deep elf sorcerers (Elf:3)
  4 balrugs
  3 draconian stormcallers
  3 emperor scorpions
  3 reapers
  11 quicksilver oozes
  3 cacodemons
  7 draconian annihilators
  4 orc warlords
  13 very ugly things
  A juggernaut skeleton (Depths:3)
  19 ironbound preservers
  A caustic shrike skeleton (Depths:3)
  14 formless jellyfish
  4 war gargoyles
  5 vampire knights
  16 stone giants
  16 green draconians
  Azrael (Orc:2)
  2 broodmothers (Zot:3)
  A demonspawn corrupter (Depths:2)
  5 ironbound thunderhulks
  12 black draconians
  4 spriggan defenders
  Nessos (D:13)
  9 deep elf annihilators (Elf:3)
  3 deep elf demonologists
  10 white draconians
  9 spark wasps
  13 red draconians
  4 lorocyprocas
  7 dire elephants
  8 purple draconians
  The ghost of Acikaus the Fighter, a journeyman MiFi of the Shining One (Lair:1)
  3 minotaurs (Shoals:4)
  Snorg (D:11)
  8 deep elf death magi
  6 merfolk impalers
  13 yellow draconians
  A green death (Hell)
  A quicksilver dragon zombie (Depths:3)
  An eidolon (Depths:4)
  A blizzard demon (Gauntlet)
  6 merfolk javelineers
  17 ettins
  6 crystal guardians
  5 entropy weavers
  A kraken zombie (Hell)
  6 fire dragons
  3 jiangshi (Depths:3)
  3 peacekeepers (Vaults:3)
  2 deep elf high priests
  28 vault guards
  5 ice dragons
  Harold (D:9)
  5 rakshasas
  2 hell beasts
  14 yaktaur captains
  6 hydras
  2 sphinx zombies
  A merfolk avatar (Shoals:3)
  9 great orbs of eyes
  4 spriggan air magi
  3 catoblepae
  12 centaur warriors
  3 jorogumos
  7 deep troll shamans
  8 ironbound frosthearts
  3 ogre magi
  8 boulder beetles
  3 merfolk aquamancers
  15 satyrs (Shoals:4)
  9 two-headed ogres
  4 radroaches
  A two-headed ogre (shapeshifter) (Elf:3)
  30 dancing weapons
  10 hell hogs
  A tengu warrior (D:13)
  An alligator snapping turtle (Shoals:3)
  3 death yaks (Lair:5)
  A sphinx skeleton (Depths:3)
  2 occultists
  6 deep troll earth magi
  2 thrashing horrors (Lair:5)
  2 titan zombies
  A vampire mage (Depths:3)
  12 demonic crawlers
  7 sun demons
  The ghost of Thargor the Conjurer, a novice DrCj of Sif Muna (D:9)
  4 spriggan berserkers
  Nergalle (Lair:1)
  A shock serpent (shapeshifter) (Vaults:2)
  20 deep elf knights
  Sonja (Orc:1)
  7 orc high priests
  6 skysharks
  5 soul eaters
  A storm dragon zombie (Depths:3)
  17 hell knights
  A skyshark (shapeshifter) (Vaults:5)
  3 spark wasp zombies (Depths:1)
  5 iron trolls
  A storm dragon skeleton (Depths:3)
  7 spatial maelstroms (Abyss:3)
  7 pharaoh ants
  3 sun moths
  10 skeletal warriors
  2 golden dragon zombies
  7 sea snakes
  5 sixfirhies
  A wretched star (Abyss:2)
  4 obsidian statues
  10 orb spiders
  3 glowing orange brains
  3 shadow demons
  An anaconda zombie (Hell)
  A salamander mystic (Depths:4)
  5 flayed ghosts (Depths:3)
  55 deep trolls
  23 ironbound convokers
  13 deep elf archers
  4 arcanists (Vaults:4)
  A golden dragon skeleton (Depths:3)
  19 orc knights
  An orange crystal statue (Vaults:2)
  Pikel (D:5)
  A harpy (shapeshifter) (Vaults:5)
  37 deep elf pyromancers
  37 deep elf zephyrmancers
  4 necromancers
  A shadow dragon zombie (Depths:3)
  8 cyclopes
  28 wolf spiders
  8 steelbarb worms
  4 phantasmal warriors
  7 shining eyes
  An iron dragon zombie (Depths:1)
  A stone giant zombie (Depths:1)
  2 frost giant zombies (Depths:1)
  6 orc sorcerers
  15 harpies
  A will-o-the-wisp (Abyss:3)
  15 manticores
  7 oklob plants
  6 fire giant zombies
  20 ugly things
  26 moths of wrath
  A kobold blastminer (Orc:2)
  27 fauns
  6 elephants (Lair:5)
  3 salamanders (Depths:4)
  7 black mambas
  Maurice (D:10)
  8 rust devils (Hell)
  9 large abominations
  8 merfolk sirens
  2 eyes of devastation
  20 vault sentinels
  A fire giant skeleton (Depths:3)
  Joseph (D:8)
  10 cane toads
  6 water nymphs
  A black mamba (shapeshifter) (Lair:5)
  3 alligator skeletons (Hell)
  A smoke demon (Lair:5)
  5 torpor snails
  2 unseen horrors
  An orange demon (Depths:3)
  A cane toad (shapeshifter) (Elf:3)
  4 rime drakes
  2 kobold demonologists
  A sea snake zombie (Hell)
  A hellion (Hell)
  Psyche (D:9)
  A freezing wraith (Vaults:5)
  10 komodo dragons
  A tormentor (Abyss:3)
  An efreet (Abyss:1)
  A yaktaur (shapeshifter) (D:15)
  30 yaktaurs
  2 tengu conjurers
  3 anaconda simulacra (Hell)
  An ancient zyme (Abyss:1)
  8 ice devils
  37 merfolk
  8 trolls
  A meliai (shapeshifter) (Elf:1)
  A sea snake skeleton (Hell)
  7 hornets
  A hydra zombie (Hell)
  3 meliai (Gauntlet)
  Grinder (D:5)
  A polar bear (Lair:1)
  3 raiju
  Prince Ribbit (D:8)
  21 blink frogs
  25 tarantellas
  A tarantella (shapeshifter) (Vaults:5)
  7 wind drakes
  A harpy skeleton (Abyss:3)
  A dream sheep (shapeshifter) (D:14)
  12 snapping turtles
  An ettin zombie (Depths:1)
  3 spriggan zombies
  A raiju (shapeshifter) (Lair:5)
  4 glass eyes
  18 dream sheep
  119 slime creatures
  A centaur simulacrum (D:15)
  4 ynoxinuls
  An air elemental (Elf:3)
  Sigmund (D:4)
  4 flying skulls (Depths:3)
  30 jumping spiders
  A shapeshifter (D:14)
  5 wraiths
  A yak (shapeshifter) (Abyss:3)
  23 culicivoras
  3 vampires
  5 spriggans
  4 fire elementals
  72 yaks
  10 small abominations
  17 water elementals
  9 wyverns
  A neqoxec (Abyss:3)
  Eustachio (D:4)
  20 golden eyes
  51 redbacks
  Menkaure (D:4)
  6 steam dragons
  10 basilisks
  A human zombie (Depths:3)
  9 vampire mosquitoes
  2 chaos spawn
  3 tengu zombies (Depths:1)
  21 spatial vortices (Abyss:3)
  3 wargs (Orc:1)
  A glowing shapeshifter zombie (Depths:1)
  4 hell hounds (Orc:2)
  16 water moccasins
  2 glowing shapeshifter skeletons (Depths:3)
  2 sky beasts (shapeshifter)
  5 black bears
  16 orc warriors
  2 sky beasts
  3 ice beasts (D:6)
  A tengu (shapeshifter) (Elf:2)
  11 ogres
  8 centaurs
  2 phantoms (D:5)
  10 wolves
  A lemure (D:5)
  4 kobold brigands
  15 bullfrogs
  3 gnoll sergeants
  2 scorpions
  3 earth elementals
  13 wights
  11 killer bees
  11 electric eels
  4 howler monkeys
  4 lava snakes (Lair:4)
  A crimson imp (Abyss:1)
  A quasit (Abyss:3)
  7 hounds
  17 orc priests
  A gnoll bouda (D:7)
  Crazy Yiuf (D:5)
  9 jellies
  5 iguanas
  Ijyb (D:5)
  4 sleepcaps
  4 hell rats (Lair:4)
  14 orc wizards
  2 lightning spires (Zot:1)
  3 adders
  22 gnolls
  A shadow imp (D:7)
  2 white imps
  3 ufetubi (Gauntlet)
  9 dart slugs
  49 orcs
  6 ball pythons
  7 bats
  3 endoplasms
  4 giant cockroaches
  4 goblins
  5 hobgoblins
  4 jackals (D:3)
  11 quokkas
  2 frilled lizards (D:2)
  19 kobolds
  6 rats
  5 rat zombies (D:10)
  2 aspiring fleshes (Zot:2)
  3 spectral weapons
  4 starspawn tentacles (Abyss:1)
  4 tentacles (Shoals:4)
2477 creatures vanquished.

Vanquished Creatures (collateral kills)
  A minotaur (Gauntlet)
  A hell hound (Orc:2)
2 creatures vanquished.

Vanquished Creatures (others)
  A shadow dragon (Zot:2)
  A vault warden (Vaults:4)
  A draconian annihilator (Zot:2)
  2 orb spiders (Spider:4)
  4 deep elf zephyrmancers
  A dream sheep (Shoals:4)
  A jumping spider (Spider:4)
  An orc warrior (Orc:2)
  An orc priest (Orc:2)
  An orc wizard (Orc:2)
  An adder (D:6)
  4 orcs
  2 foxfires (Abyss:3)
  A starspawn tentacle (Abyss:1)
  8 tentacles
30 creatures vanquished.

Grand Total: 2509 creatures vanquished

Notes
Turn   | Place    | Note
-------+----------+-------------------------------------------
     0 | D:1      | Majang the Formicid Fighter began the quest for the Orb.
     0 | D:1      | Reached XP level 1. HP: 18/18 MP: 1/1
   336 | D:1      | Reached XP level 2. HP: 21/24 MP: 2/2
   380 | D:1      | Found Wapn's Distillery.
   394 | D:1      | Found Julaxke's Antique Weapon Emporium.
   504 | D:1      | Found Ythapnef's Weapon Shop.
   559 | D:1      | Bought a potion of heal wounds for 50 gold pieces
   811 | D:2      | Reached XP level 3. HP: 25/30 MP: 3/3
  1079 | D:2      | Found a faded altar of an unknown god.
  1305 | D:2      | Reached XP level 4. HP: 34/37 MP: 4/4
  1737 | D:3      | Found a sparkling altar of Nemelex Xobeh.
  1910 | D:3      | Reached XP level 5. HP: 42/42 MP: 5/5
  2237 | D:4      | Identified 2 scrolls of acquirement
  2237 | D:4      | Acquired 828 gold pieces
  2239 | D:4      | Acquired the +2 shield of Resistance {rF++ rC++ Will++}
  2239 | D:4      | Found the +2 shield of Resistance {rF++ rC++ Will++}
  2296 | D:4      | Noticed Menkaure
  2302 | D:4      | Killed Menkaure
  2303 | D:4      | Reached skill level 5 in Fighting
  2303 | D:4      | Reached skill level 5 in Axes
  2303 | D:4      | Reached XP level 6. HP: 49/51 MP: 6/6
  2516 | D:1      | Bought a runed battleaxe for 171 gold pieces
  2516 | D:1      | Bought a glowing hand axe for 108 gold pieces
  2779 | D:4      | Noticed Eustachio
  2783 | D:4      | Killed Eustachio
  2784 | D:4      | Reached XP level 7. HP: 56/56 MP: 7/7
  2800 | D:4      | Noticed Sigmund
  2805 | D:4      | Killed Sigmund
  2908 | D:4      | Noticed a water moccasin
  2913 | D:4      | Killed a water moccasin
  2991 | D:5      | Entered Level 5 of the Dungeon
  3008 | D:5      | Reached XP level 8. HP: 58/64 MP: 8/8
  3036 | D:5      | Noticed Ijyb
  3048 | D:5      | Killed Ijyb
  3078 | D:5      | Noticed Pikel
  3180 | D:5      | Killed Pikel
  3181 | D:5      | Reached XP level 9. HP: 42/73 MP: 9/9
  3374 | D:5      | Reached skill level 1 in Ranged Weapons
  3504 | D:5      | Reached skill level 1 in Evocations
  3572 | D:5      | Found a runed translucent door.
  3573 | D:5      | Noticed Crazy Yiuf
  3578 | D:5      | Killed Crazy Yiuf
  3619 | D:5      | Noticed Grinder
  3624 | D:5      | Killed Grinder
  3625 | D:5      | Reached skill level 1 in Dodging
  4043 | D:6      | Reached skill level 5 in Shields
  4117 | D:6      | Found a staircase to the Ecumenical Temple.
  4128 | Temple   | Entered the Ecumenical Temple
  4138 | Temple   | Became a worshipper of Cheibriados the Contemplative
  4156 | D:6      | Reached XP level 10. HP: 80/80 MP: 10/10
  4179 | D:6      | Reached skill level 1 in Stealth
  4179 | D:6      | Reached skill level 1 in Invocations
  4187 | D:6      | Reached skill level 10 in Axes
  5109 | D:7      | Reached * piety under Cheibriados
  5293 | D:7      | Found Fece's Armour Shop.
  5299 | D:7      | Bought a +2 plate armour of cold resistance for 520 gold
                  | pieces
  5432 | D:7      | Reached skill level 5 in Armour
  5434 | D:7      | Reached ** piety under Cheibriados
  5471 | D:7      | Reached skill level 6 in Shields
  5549 | D:7      | Found Ydis's General Store.
  5712 | D:7      | Reached XP level 11. HP: 67/87 MP: 13/13
  5839 | D:7      | Found Quof's Antique Armour Shop.
  5854 | D:7      | Bought a pair of embroidered gloves for 172 gold pieces
  6203 | D:8      | Reached skill level 5 in Ranged Weapons
  6217 | D:8      | Noticed Prince Ribbit
  6222 | D:8      | Killed Prince Ribbit
  6270 | D:8      | Reached *** piety under Cheibriados
  6364 | D:8      | Noticed Joseph
  6377 | D:8      | Killed Joseph
  6671 | D:9      | Noticed Psyche
  6680 | D:9      | Killed Psyche
  6750 | D:9      | Identified the +0 ring mail of Hoemouq {rF+ rCorr}
  6767 | D:9      | Reached **** piety under Cheibriados
  6838 | D:9      | Noticed Harold
  6848 | D:9      | Killed Harold
  6865 | D:9      | Noticed a two-headed ogre
  6873 | D:9      | Killed a two-headed ogre
  6874 | D:9      | Reached skill level 7 in Shields
  6881 | D:9      | Found Deifum's Weapon Emporium.
  7021 | D:9      | Found a runed translucent door.
  7021 | D:9      | Found a shimmering altar of Xom.
  7021 | D:9      | Noticed Thargor's ghost (novice DrCj)
  7021 | D:9      | Noticed a +3 quarterstaff of chaos
  7103 | D:9      | Noticed a boulder beetle
  7114 | D:9      | Killed a boulder beetle
  7115 | D:9      | Reached skill level 5 in Stealth
  7339 | D:9      | Upgraded the game from 0.31-a0-1205-g5e5e916f41 to
                  | 0.31-a0-1223-gfd5aef93c1
  7349 | D:10     | Entered Level 10 of the Dungeon
  7382 | D:10     | Reached XP level 12. HP: 95/95 MP: 15/15
  7519 | D:10     | Noticed a two-headed ogre
  7522 | D:10     | Noticed Maurice
  7530 | D:10     | Maurice stole a +2 whip of electrocution
  7531 | D:10     | Maurice stole a +6 ring of intelligence
  7532 | D:10     | Killed a two-headed ogre
  7533 | D:10     | Reached skill level 5 in Invocations
  7537 | D:10     | Killed Maurice
  7910 | D:10     | Found an ancient bone altar of Kikubaaqudgha.
  8212 | D:11     | Found a staircase to the Orcish Mines.
  8301 | D:11     | Reached ***** piety under Cheibriados
  8493 | D:11     | Noticed Snorg
  8507 | D:11     | Killed Snorg
  8886 | D:11     | Found a staircase to the Lair.
  8903 | D:11     | Reached skill level 8 in Shields
  9281 | Orc:1    | Entered Level 1 of the Orcish Mines
  9288 | Orc:1    | Noticed Sonja
  9297 | Orc:1    | Killed Sonja
  9746 | D:1      | Bought a +5 shortbow of flaming for 388 gold pieces
 10097 | Orc:1    | Reached XP level 13. HP: 103/103 MP: 17/17
 10245 | Orc:1    | Found Mepusavu's General Store.
 10253 | Orc:1    | Bought the +0 war axe "Zacefe" {flame, Int+3} for 294 gold
                  | pieces
 10265 | Orc:1    | Found Gaxir's Gadget Gallery.
 10422 | Lair:1   | Entered Level 1 of the Lair of Beasts
 10510 | Lair:1   | Found a runed translucent gate.
 10510 | Lair:1   | Found a runed translucent gate.
 10510 | Lair:1   | Found a runed translucent gate.
 10511 | Lair:1   | Noticed Acikaus's ghost (journeyman MiFi)
 10511 | Lair:1   | Noticed a ten-headed hydra
 10518 | Lair:1   | Found an ancient bone altar of Kikubaaqudgha.
 10558 | Lair:1   | Reached skill level 10 in Fighting
 10573 | Lair:1   | Reached skill level 5 in Dodging
 10728 | Lair:1   | Reached XP level 14. HP: 110/110 MP: 18/18
 10746 | Lair:1   | Noticed Nergalle
 10758 | Lair:1   | Killed Nergalle
 11856 | Lair:2   | Found a hole to the Spider Nest.
 11889 | Lair:2   | Reached skill level 9 in Shields
 12272 | Lair:3   | Reached ****** piety under Cheibriados
 12404 | Lair:3   | Found a gate leading to a gauntlet.
 12415 | Gauntlet | Entered a Gauntlet
 12415 | Gauntlet | Found a transporter.
 12422 | Gauntlet | Found a transporter.
 12437 | Gauntlet | Found a transporter.
 12438 | Gauntlet | Found a transporter.
 12449 | Gauntlet | Found a transporter.
 12450 | Gauntlet | Found a transporter.
 12451 | Gauntlet | Found a transporter.
 12464 | Gauntlet | Found a transporter.
 12465 | Gauntlet | Found a transporter.
 12469 | Gauntlet | Found a runed translucent door.
 12473 | Gauntlet | Found a runed translucent door.
 12473 | Gauntlet | Found a transporter.
 12476 | Gauntlet | Found a transporter.
 12477 | Gauntlet | Found a transporter.
 12485 | Gauntlet | Found a transporter.
 12533 | Gauntlet | Found a transporter.
 13134 | Gauntlet | Noticed a minotaur
 13136 | Gauntlet | Killed a minotaur
 13257 | Lair:3   | Reached XP level 15. HP: 117/117 MP: 20/20
 13354 | Lair:3   | Found a staircase to the Shoals.
 14043 | Lair:4   | Found a staircase to the Slime Pits.
 14085 | Lair:4   | Found a viscous altar of Jiyva.
 14626 | Lair:5   | Entered Level 5 of the Lair of Beasts
 14649 | Lair:5   | Reached skill level 10 in Shields
 16050 | Lair:5   | Reached XP level 16. HP: 125/125 MP: 5/22
 16236 | Lair:5   | Found a corrupted altar of Lugonu.
 16236 | Lair:5   | Found a one-way gate to the infinite horrors of the Abyss.
 16586 | Orc:2    | Entered Level 2 of the Orcish Mines
 16586 | Orc:2    | Noticed Saint Roka
 16586 | Orc:2    | Found a staircase to the Elven Halls.
 16629 | Orc:2    | Noticed Donald
 16726 | Orc:1    | Killed Donald
 17266 | Orc:2    | Noticed Azrael
 17273 | Orc:2    | Killed Saint Roka
 17279 | Orc:2    | Killed Azrael
 17702 | Orc:2    | Reached skill level 11 in Shields
 18036 | Orc:2    | Reached skill level 10 in Stealth
 18044 | Orc:2    | Found Hyan's Magic Scroll Emporium.
 18044 | Orc:2    | Found Nowoit's Jewellery Boutique.
 18046 | Orc:2    | Found Mounanym's Weapon Emporium.
 18046 | Orc:2    | Found Qelaom's General Store.
 18062 | Orc:2    | Bought a scroll of acquirement for 728 gold pieces
 18062 | Orc:2    | Acquired a manual of Shields
 18067 | Orc:2    | Bought a scroll of enchant weapon for 105 gold pieces
 19111 | D:9      | Killed Thargor's ghost
 19392 | Lair:1   | Killed Acikaus's ghost
 19510 | Spider:1 | Entered Level 1 of the Spider Nest
 19895 | Spider:1 | Identified the ring "Ejiy" {+Blink Fly Int+7}
 20031 | Spider:1 | Reached skill level 12 in Shields
 20037 | Spider:1 | Reached XP level 17. HP: 113/133 MP: 24/24
 20402 | Spider:1 | Identified the +5 short sword "Xaitok" {drain, Will+}
 20694 | Spider:1 | Reached skill level 10 in Armour
 20946 | Spider:2 | Reached skill level 15 in Axes
 20965 | Spider:2 | Noticed Arachne
 20982 | Spider:2 | Killed Arachne
 21244 | Spider:2 | Reached skill level 10 in Invocations
 21250 | Spider:2 | Reached skill level 13 in Shields
 22700 | Spider:3 | Reached XP level 18. HP: 141/141 MP: 25/25
 22790 | Spider:3 | Identified the +12 halberd of Arbitration {heavy, Str+2
                  | Stlth+}
 23089 | Spider:4 | Entered Level 4 of the Spider Nest
 23481 | Spider:4 | Reached skill level 15 in Ranged Weapons
 23647 | Spider:4 | Reached skill level 14 in Shields
 24440 | Spider:4 | Identified the scarf of Repulsion {+Inv, -Tele rElec rCorr
                  | Str+2}
 24465 | Spider:4 | Got a gossamer rune of Zot
 24788 | Shoals:1 | Entered Level 1 of the Shoals
 25514 | Shoals:1 | Found Tudocuz's One-of-a-Kind Rings.
 26039 | Shoals:2 | Identified the +7 rapier "Doseig" {speed, Fly rN+ Will-
                  | Dex+6}
 26315 | Shoals:2 | Reached XP level 19. HP: 145/149 MP: 27/27
 26398 | Shoals:2 | Reached skill level 15 in Shields
 27128 | Shoals:2 | Identified the maw talisman "Ekko" {+Blink rCorr Stlth+}
 27157 | Shoals:3 | Noticed Bai Suzhen
 27179 | Shoals:2 | Killed Bai Suzhen
 27407 | Shoals:3 | Noticed a titan
 27434 | Shoals:3 | Killed a titan
 27860 | Shoals:3 | Noticed Mlioglotl
 27880 | Shoals:3 | Killed Mlioglotl
 28002 | Shoals:3 | Found the +2 cloak of the Thief {*Fog Slay-2 SInv Stlth+}
 28086 | Shoals:3 | Noticed Mara
 28090 | Shoals:3 | Noticed Majang's illusion
 28104 | Shoals:3 | Noticed Majang's illusion
 28460 | Shoals:4 | Entered Level 4 of the Shoals
 28568 | Shoals:3 | Noticed Majang's illusion
 28579 | Shoals:3 | Killed Mara
 29630 | Shoals:4 | Reached skill level 16 in Shields
 30263 | Shoals:4 | Reached XP level 20. HP: 123/157 MP: 28/28
 30362 | Shoals:4 | Identified the staff of the Pit {rC+ rN++ Int+4 Ice}
 30467 | Shoals:4 | Got a barnacled rune of Zot
 30488 | Shoals:4 | Identified the staff "Cuxam" {rF+ Int+3 Dex+2 Fire}
 30545 | Shoals:4 | Identified the amulet of Vocoi {Acrobat rPois}
 32229 | D:13     | Noticed Nessos
 32242 | D:13     | Killed Nessos
 32417 | D:14     | Identified the +1 robe "Olui" {Stlth+}
 32546 | D:14     | Noticed Louise
 32571 | D:14     | Killed Louise
 33094 | D:14     | Found a gate to the Vaults.
 33345 | D:15     | Entered Level 15 of the Dungeon
 33601 | D:15     | Reached skill level 17 in Shields
 33774 | D:15     | Identified the +10 flail of Velu {flame, rC+ Int+3}
 34041 | D:15     | Found a staircase to the Depths.
 34220 | Elf:1    | Entered Level 1 of the Elven Halls
 34398 | Elf:1    | Found Ofaib's Book Boutique.
 34453 | Elf:1    | Reached skill level 10 in Dodging
 34475 | Elf:1    | Found Wileapn's Antique Weapon Emporium.
 34499 | Elf:1    | Bought a glowing arbalest for 217 gold pieces
 34697 | Elf:1    | Found Qiqoluj's Weapon Boutique.
 34760 | Elf:1    | Reached XP level 21. HP: 165/165 MP: 30/30
 35015 | Elf:1    | Found Ikiof's Book Shoppe.
 35156 | Elf:1    | Noticed a Tzitzimitl
 35411 | Elf:1    | Found Ivviokun's Armour Shop.
 36138 | Elf:2    | Reached skill level 5 in Evocations
 36558 | Elf:2    | Found a runed translucent gate.
 36558 | Elf:2    | Found a runed translucent gate.
 36558 | Elf:2    | Found a runed translucent gate.
 36627 | Elf:2    | Upgraded the game from 0.31-a0-1223-gfd5aef93c1 to
                  | 0.31-a0-1236-gaa9e43cceb
 36924 | Elf:2    | Reached skill level 18 in Shields
 37357 | Vaults:1 | Entered Level 1 of the Vaults
 37620 | Vaults:1 | Noticed Asterion
 37632 | Vaults:1 | Killed Asterion
 37909 | Vaults:1 | Identified the +0 spear "Jefufa" {heavy, rN+ Stlth+}
 38426 | Vaults:1 | Reached XP level 22. HP: 173/173 MP: 31/31
 38548 | Vaults:1 | Found a runed translucent gate.
 38549 | Vaults:1 | Found a runed translucent gate.
 38550 | Vaults:1 | Found a runed translucent gate.
 38552 | Vaults:1 | Noticed bezhaha's ghost (adept HuIE)
 38759 | Vaults:1 | Found a viscous altar of Jiyva.
 38968 | Vaults:2 | Noticed Margery
 38994 | Vaults:2 | Killed Margery
 39136 | Vaults:2 | Identified the +0 ring mail of Trumpets {rPois Regen+}
 39573 | Vaults:2 | Found a transporter.
 39581 | Vaults:2 | Found a transporter.
 39714 | Vaults:2 | Reached skill level 19 in Shields
 39759 | Vaults:3 | Reached skill level 15 in Stealth
 39860 | Vaults:3 | Reached skill level 15 in Fighting
 40476 | Vaults:3 | Found Rekiz's Assorted Antiques.
 40572 | Vaults:3 | Found Atoaplam's Distillery.
 40601 | Vaults:3 | Bought a potion of heal wounds for 65 gold pieces
 40601 | Vaults:3 | Bought a potion of lignification for 39 gold pieces
 40601 | Vaults:3 | Bought a potion of ambrosia for 104 gold pieces
 40713 | Vaults:3 | Found a staircase to the Crypt.
 40713 | Vaults:3 | Found a basalt altar of Yredelemnul.
 40713 | Vaults:3 | Found an ancient bone altar of Kikubaaqudgha.
 40853 | Vaults:3 | Reached XP level 23. HP: 181/181 MP: 32/32
 42276 | Vaults:1 | You fall into a shaft and drop 1 floor!
 42497 | Vaults:1 | Killed bezhaha's ghost
 43313 | Depths:1 | Entered Level 1 of the Depths
 43336 | Depths:1 | Reached skill level 20 in Shields
 43697 | Depths:1 | Found a basalt altar of Yredelemnul.
 43836 | Depths:1 | Found a gateway to Hell.
 44244 | Depths:2 | Reached XP level 24. HP: 190/190 MP: 32/32
 45363 | Depths:2 | Found a one-way gate leading to the halls of Pandemonium.
 45544 | Depths:3 | Found a runed translucent door.
 45557 | Depths:3 | Noticed Wiewnimod's ghost (veteran GrEE)
 46099 | Depths:3 | Noticed Boris
 46125 | Depths:3 | Killed Boris
 46871 | Depths:4 | Entered Level 4 of the Depths
 46883 | Depths:4 | Noticed the Enchantress
 46907 | Depths:3 | Killed the Enchantress
 47264 | Depths:4 | Reached XP level 25. HP: 189/197 MP: 32/32
 47382 | Depths:4 | Identified the +1 longbow "Achaatuf" {flame, Str+2}
 47744 | Depths:4 | Found a one-way gateway to a ziggurat.
 47758 | Depths:4 | Reached skill level 15 in Armour
 48123 | Depths:4 | Found a gate to the Realm of Zot.
 48484 | Elf:3    | Entered Level 3 of the Elven Halls
 48769 | Elf:3    | Reached skill level 10 in Evocations
 48837 | Elf:3    | Found Derreotoka's Armour Emporium.
 48837 | Elf:3    | Found Qodak's Book Shoppe.
 48839 | Elf:3    | Found Lumass's Weapon Emporium.
 48840 | Elf:3    | Found Othrepte's Armour Shoppe.
 48994 | Elf:3    | Found Riset's Magic Scroll Emporium.
 49002 | Elf:3    | Bought a scroll of enchant weapon for 112 gold pieces
 49002 | Elf:3    | Bought a scroll of immolation for 60 gold pieces
 49002 | Elf:3    | Bought a scroll of immolation for 60 gold pieces
 49221 | Elf:3    | Reached skill level 21 in Shields
 49345 | Elf:3    | Identified the amulet "Oqayllap" {Will- Regen+ Slay+2 SInv}
 49444 | Elf:3    | Identified the +11 scimitar "Demosonk" {protect, rPois
                  | Will+ Dex+3}
 49451 | Elf:3    | Identified the +10 falchion "Sasch" {flame, +Blink Will++
                  | Str+3}
 49453 | Elf:3    | Identified the ring of Xottag {EV+5 Int+3}
 49498 | Elf:3    | Identified the ring of Existentialism {Fly rElec MP+9
                  | Str+5}
 49508 | Elf:3    | Identified the +4 orcbow "Ulus" {flame, Str+3 Dex+2}
 49510 | Elf:3    | Got the Dissertation on Topomancy and Locality
 49513 | Elf:3    | Got Sif Muna's Lectures on Elliptic Beckoning
 49522 | Elf:3    | Identified the +8 shortbow of Valour {heavy, rPois Will+
                  | Int+6 Dex-3}
 49561 | Elf:3    | Found the +3 pair of gauntlets of War {Slay+5}
 49571 | Elf:3    | Identified the +1 sling "Zuipuh" {flame, rC++ Int-4}
 50156 | Lair:5   | Voluntarily entered the Abyss.
 50158 | Abyss:1  | Found a corrupted altar of Lugonu.
 50296 | Abyss:1  | Found a corrupted altar of Lugonu.
 50324 | Abyss:2  | Found a corrupted altar of Lugonu.
 50425 | Abyss:3  | Got an abyssal rune of Zot
 50590 | Lair:5   | Escaped the Abyss
 50862 | Orc:1    | Bought a scroll of revelation for 112 gold pieces
 50862 | Orc:1    | Bought a scroll of immolation for 60 gold pieces
 50862 | Orc:1    | Bought a scroll of enchant weapon for 112 gold pieces
 50873 | Orc:1    | Bought a lightning rod (4/4) for 600 gold pieces
 50873 | Orc:1    | Bought a wand of light (4) for 252 gold pieces
 50873 | Orc:1    | Bought a wand of light (5) for 315 gold pieces
 50873 | Orc:1    | Bought a wand of light (3) for 189 gold pieces
 50942 | Orc:2    | Bought a scroll of immolation for 56 gold pieces
 50942 | Orc:2    | Bought a scroll of revelation for 105 gold pieces
 50942 | Orc:2    | Bought a scroll of immolation for 56 gold pieces
 50945 | Orc:2    | Bought a wand of digging (3) for 176 gold pieces
 51209 | Vaults:5 | Entered Level 5 of the Vaults
 51222 | Vaults:5 | Reached XP level 26. HP: 207/207 MP: 32/32
 51411 | Vaults:5 | Noticed a dread lich
 51427 | Vaults:4 | Killed a dread lich
 51429 | Vaults:5 | Noticed a dread lich
 51437 | Vaults:5 | Killed a dread lich
 51511 | Vaults:5 | Noticed Sojobo
 51537 | Vaults:5 | Killed Sojobo
 51614 | Vaults:5 | Identified the +1 ring mail of Tadwiuno {Rampage +Blink
                  | rF++ Int-5}
 51627 | Vaults:5 | Noticed Jory
 51639 | Vaults:5 | Killed Jory
 51728 | Vaults:5 | Found the +6 arbalest "Damnation" {damnation}
 51798 | Vaults:5 | Identified the +6 falchion of Disharmony {heavy, *Rage
                  | rPois Str+5 Dex-4}
 51807 | Vaults:5 | Noticed an ancient lich
 51820 | Vaults:5 | Killed an ancient lich
 51829 | Vaults:5 | Identified the +0 robe of the Elven Halls {rPois Will-
                  | Regen+ Int+3}
 52034 | Vaults:5 | Got Vehumet's Incunable of Blows
 52272 | Vaults:5 | Identified the ring of the Blushing Gods {Wiz rPois rN+}
 52310 | Vaults:5 | Found the +0 pair of fencer's gloves {Riposte Dex+3}
 52358 | Vaults:5 | Identified the +5 shortbow "Qiq Kenk" {drain, ^Contam
                  | Will+++ Int+7}
 52360 | Vaults:5 | Got a silver rune of Zot
 52411 | Vaults:5 | Identified the ring of the Present {^Contam rElec rPois
                  | AC+4 Stlth+}
 52502 | Vaults:5 | Identified the +8 mace "Etaliasch" {flame, Int-4 Dex+4
                  | Stlth+}
 52661 | Vaults:5 | Reached XP level 27. HP: 215/215 MP: 32/32
 53633 | Hell     | Entered the Vestibule of Hell
 53633 | Hell     | Noticed Geryon
 53658 | Hell     | Killed Geryon
 53865 | Hell     | Found a gateway to the decaying netherworld of Tartarus.
 54026 | Hell     | Found a gateway to the ashen valley of Gehenna.
 54077 | Hell     | Reached skill level 22 in Shields
 54108 | Hell     | Found a gateway to the freezing wastes of Cocytus.
 54269 | Hell     | Found a gateway to the Iron City of Dis.
 55176 | Slime:1  | Entered Level 1 of the Pits of Slime
 55262 | Slime:1  | Gained mutation: You possess an exceptional clarity of
                  | mind. [a shining eye]
 55976 | Slime:3  | Gained mutation: Armour fits poorly on your strangely
                  | shaped body. [a shining eye]
 55976 | Slime:3  | Gained mutation: You are vulnerable to cold. (rC-) [a
                  | shining eye]
 56168 | Slime:3  | Gained mutation: You expend magic power (3 MP) to
                  | strengthen your wands. [a shining eye]
 56994 | Slime:5  | Entered Level 5 of the Pits of Slime
 57045 | Slime:5  | Noticed the Royal Jelly
 57057 | Slime:5  | Killed the Royal Jelly
 57172 | Slime:5  | Identified the +3 arbalest of the Bequeathed God
                  | {antimagic, rN+ rCorr Str-4 Dex+4}
 57238 | Slime:5  | Identified the ring "Umuap" {rF++ Str+6}
 57245 | Slime:5  | Identified the +6 battleaxe "Jellybane" {venom, Fly rPois
                  | Dex+3}
 57260 | Slime:5  | Identified the +4 ring mail of Videw {rC+ Str-2 Slay+2}
 57298 | Slime:5  | Gained mutation: You have hidden genetic defects. [a
                  | shining eye]
 57300 | Slime:5  | Gained mutation: Your health recovers twice as slowly from
                  | being drained. [a shining eye]
 57311 | Slime:5  | Gained mutation: You are frail. (-10% HP) [a shining eye]
 57343 | Slime:5  | Got a slimy rune of Zot
 57421 | Slime:5  | Found the +10 morningstar "Eos" {elec, Halo rElec}
 57425 | Slime:5  | Got the Precepts of the Sneaky Planets
 58069 | Hell     | Lost mutation: Your health recovers twice as slowly from
                  | being drained. [potion of mutation]
 58069 | Hell     | Lost mutation: You possess an exceptional clarity of mind.
                  | [potion of mutation]
 58069 | Hell     | Gained mutation: You passively dampen the noise of your
                  | surroundings. [potion of mutation]
 58070 | Hell     | Lost mutation: You passively dampen the noise of your
                  | surroundings. [potion of mutation]
 58070 | Hell     | Lost mutation: You expend magic power (3 MP) to strengthen
                  | your wands. [potion of mutation]
 58070 | Hell     | Lost mutation: You are vulnerable to cold. (rC-) [potion of
                  | mutation]
 58070 | Hell     | Gained mutation: You are partially covered in iridescent
                  | scales. (AC +2) [potion of mutation]
 58070 | Hell     | Gained mutation: You have large cloven feet. [potion of
                  | mutation]
 58071 | Hell     | Lost mutation: You have large cloven feet. [potion of
                  | mutation]
 58071 | Hell     | Lost mutation: You are partially covered in iridescent
                  | scales. (AC +2) [potion of mutation]
 58071 | Hell     | Gained mutation: Your mind is acute. (Int +4, Str/Dex -1)
                  | [potion of mutation]
 58072 | Hell     | Lost mutation: You are frail. (-10% HP) [potion of
                  | mutation]
 58072 | Hell     | Lost mutation: You have hidden genetic defects. [potion of
                  | mutation]
 58072 | Hell     | Lost mutation: Armour fits poorly on your strangely shaped
                  | body. [potion of mutation]
 58072 | Hell     | Gained mutation: You expend magic power (3 MP) to
                  | strengthen your wands. [potion of mutation]
 58072 | Hell     | Gained mutation: You are strong-willed. (Will+) [potion of
                  | mutation]
 58153 | Zot:1    | Entered Level 1 of the Realm of Zot
 58694 | Zot:1    | Found the +4 dragonskin cloak
 58694 | Zot:1    | Noticed Tiamat
 58706 | Zot:1    | Killed Tiamat
 59055 | Zot:1    | Identified the orb of Saummog {mayhem, Int+4}
 59271 | Zot:2    | Noticed an orb of fire
 60881 | Zot:4    | Noticed an orb of fire
 60881 | Zot:4    | Gained mutation: Your magical capacity is low. (-10% MP)
                  | [an orb of fire]
 60886 | Zot:4    | Killed an orb of fire
 61532 | Zot:4    | Reached skill level 23 in Shields
 61904 | Zot:5    | Entered Level 5 of the Realm of Zot
 62042 | Zot:5    | Acquired a manual of Shields
 62101 | Zot:5    | Noticed an orb of fire
 62119 | Zot:5    | Gained mutation: You are weak. (Str -2) [an orb of fire]
 62121 | Zot:5    | Killed an orb of fire
 62373 | Zot:5    | Noticed an orb of fire
 62388 | Zot:5    | Gained mutation: You have hidden genetic defects. [an orb
                  | of fire]
 62389 | Zot:5    | Killed an orb of fire
 62389 | Zot:5    | Noticed an orb of fire
 62397 | Zot:5    | Killed an orb of fire
 62410 | Zot:5    | Noticed a dread lich
 62413 | Zot:5    | Killed a dread lich
 62462 | Zot:5    | Lost mutation: Your magical capacity is low. (-10% MP)
                  | [potion of mutation]
 62462 | Zot:5    | Lost mutation: You expend magic power (3 MP) to strengthen
                  | your wands. [potion of mutation]
 62462 | Zot:5    | Lost mutation: You are weak. (Str -2) [potion of mutation]
 62462 | Zot:5    | Gained mutation: You occasionally lose the ability to read
                  | scrolls when taking damage. [potion of mutation]
 62462 | Zot:5    | Gained mutation: Your system is resistant to poisons.
                  | (rPois) [potion of mutation]
 62463 | Zot:5    | Lost mutation: Your system is resistant to poisons. (rPois)
                  | [potion of mutation]
 62463 | Zot:5    | Lost mutation: Your mind is acute. (Int +4, Str/Dex -1)
                  | [potion of mutation]
 62463 | Zot:5    | Gained mutation: Your health recovers twice as slowly from
                  | being drained. [potion of mutation]
 62464 | Zot:5    | Lost mutation: You occasionally lose the ability to read
                  | scrolls when taking damage. [potion of mutation]
 62464 | Zot:5    | Lost mutation: Your health recovers twice as slowly from
                  | being drained. [potion of mutation]
 62464 | Zot:5    | Gained mutation: You have large cloven feet. [potion of
                  | mutation]
 62492 | Zot:5    | Noticed a Killer Klown
 62498 | Zot:5    | Noticed a Killer Klown
 62502 | Zot:5    | a Killer Klown changed into a titan
 62510 | Zot:5    | Noticed a dread lich
 62518 | Zot:5    | Killed a dread lich
 62521 | Zot:5    | Noticed a dread lich
 62527 | Zot:5    | Noticed a Killer Klown
 62528 | Zot:5    | Killed a dread lich
 62531 | Zot:5    | Killed a Killer Klown
 62532 | Zot:5    | Gained mutation: You occasionally lose the ability to read
                  | scrolls when taking damage. [hidden defects]
 62537 | Zot:5    | Killed a Killer Klown
 62670 | Zot:5    | Gained mutation: Your magical capacity is low. (-10% MP)
                  | [mutagenic glow]
 62677 | Zot:5    | Gained mutation: You are dopey. (Int -2) [mutagenic glow]
 62704 | Zot:5    | Gained mutation: You are clumsy. (Dex -2) [mutagenic glow]
 62735 | Zot:5    | Noticed an ancient lich
 62746 | Zot:5    | Killed an ancient lich
 62761 | Zot:5    | Gained mutation: Your magical capacity is very low. (-20%
                  | MP) [hidden defects]
 62761 | Zot:5    | Lost mutation: You have hidden genetic defects. [hidden
                  | defects expressed]
 62883 | Zot:5    | Reached skill level 24 in Shields
 62968 | Zot:5    | Reached skill level 15 in Dodging
 63167 | Zot:5    | Got the Orb of Zot
 63179 | Zot:5    | Gained mutation: You are weak. (Str -2) [mutagenic glow]
 63189 | Zot:5    | Gained mutation: You expend magic power (3 MP) to
                  | strengthen your wands. [mutagenic glow]
 63357 | Depths:4 | Lost mutation: Your magical capacity is very low. (-20% MP)
                  | [potion of mutation]
 63357 | Depths:4 | Lost mutation: You are weak. (Str -2) [potion of mutation]
 63357 | Depths:4 | Gained mutation: You are weak. (Str -2) [potion of
                  | mutation]
 63358 | Depths:4 | Lost mutation: Your magical capacity is low. (-10% MP)
                  | [potion of mutation]
 63358 | Depths:4 | Lost mutation: You have large cloven feet. [potion of
                  | mutation]
 63358 | Depths:4 | Lost mutation: You are strong-willed. (Will+) [potion of
                  | mutation]
 63358 | Depths:4 | Lost mutation: You are dopey. (Int -2) [potion of mutation]
 63358 | Depths:4 | Gained mutation: You have sharp toenails. [potion of
                  | mutation]
 63507 | Depths:2 | Noticed Jiskil the pandemonium lord
 63519 | Depths:2 | Noticed Pehyig the pandemonium lord
 63521 | Depths:2 | Killed Jiskil the pandemonium lord
 63533 | Depths:2 | Mangled by Pehyig the pandemonium lord

Illustrated notes

Levels and vault maps discovered:
D:1:      minmay_arrival_four_circles, layout_loops_ring, serial_shops,
          nicolae_shop_competitors_out_of_business, shop, shop,
          dk_noncrumbling_2
D:2:      layout_loops_ring, chequers_ecumenical_altar_grove
D:3:      wad_woods_stonehenge, layout_rooms, serial_glass, glass_columns_a,
          glass_columns_b, due_unseen_surprise
D:4:      layout_basic, uniq_eustachio, uniq_menkaure, uniq_sigmund
D:5:      kennysheep_slugbush, layout_rooms, uniq_ijyb, uniq_crazy_yiuf_cottage,
          uniq_pikel, uniq_grinder
D:6:      cheibrodos_fzero, layout_layer_cave, temple_fountains
D:7:      layout_loops_ring, serial_shops, nicolae_shop_behind_doors, shop,
          nicolae_shop_waterfront, dreamdust_princess_corridor,
          grunt_decor_clamped, minmay_fractal_squares_5
D:8:      layout_rooms, kennysheep_generic_room_13, uniq_joseph,
          uniq_prince_ribbit1
D:9:      layout_rooms, ebering_ghost_xom, serial_shops,
          nicolae_shop_tiny_real_fake_doors, uniq_psyche, uniq_harold
D:10:     layout_loops_ring, lemuel_zombie_altar_kikubaaqudgha,
          dk_noncrumbling_4, uniq_maurice
D:11:     layout_stronghold, minmay_lair_entry_grove, uniq_snorg
D:12:     layout_stronghold
D:13:     layout_small_grid, st_stairs_5, uniq_nessos
D:14:     layout_irregular_city, david_vaults_1, uniq_louise
D:15:     gammafunk_enter_depths_forms, layout_basic,
          chequers_serial_rivers_micro_e
Temple:   compressed_dpeg_circular_temple
Lair:1:   layout_concentric_octagons, basic_altar, gammafunk_ghost_hydra_chop,
          grunt_megastairs_1, uniq_nergalle
Lair:2:   layout_gridlike, spider_nest_entry_rubble
Lair:3:   layout_concentric_octagons, elwin_shoals_entry_rooms,
          gauntlet_entry_generic, minmay_holes, serial_bayou_shore_a,
          grunt_megastairs_2
Lair:4:   layout_misc_corridors, nicolae_slime_entry_field_trip,
          nicolae_lair_liquid_snakes
Lair:5:   hellmonk_lair_end_abyssal_woods, layout_gridlike, serial_bayou,
          serial_bayou_pond_c, serial_bayou_crossing, serial_bayou_lagoon_b,
          serial_bayou_pond_e, lemuel_fruit_fields
Shoals:1: layout_shoals, nicolae_shop_unique_rings,
          nicolae_shoals_arrival_archipelago
Shoals:2: layout_shoals
Shoals:3: cheibrodos_shoals_gigantism, layout_shoals, uniq_bai_suzhen,
          uniq_mlioglotl, uniq_mara
Shoals:4: shoals_end_hellmonk_lost_city
Spider:1: layout_spider_delve, einodemon_crawler_minivault
Spider:2: layout_spider_delve, uniq_arachne
Spider:3: layout_chambers
Spider:4: spider_rune_water
Slime:1:  layout_caves
Slime:2:  cheibrodos_slime_lost_civilization_2, layout_caves
Slime:3:  layout_caves
Slime:4:  layout_caves
Slime:5:  slime_pit_nicolae_inversion
Orc:1:    layout_diamond_mine, basic_altar, serial_shops, shop,
          nicolae_shop_gadgets, uniq_sonja
Orc:2:    grunt_orc_tribal_feast, layout_caves, uniq_azrael, uniq_donald,
          uniq_saint_roka
Elf:1:    elf_arrival_001, layout_geoelf_grid, serial_shops,
          nicolae_shop_rolling_square, shop, shop, shop,
          nicolae_shop_getting_attention, hangedman_elven_crosses_minicolossus,
          minivault_25_ag
Elf:2:    nicolae_elf_blades_splatter_lattice [mumra_blade_entry_dagger],
          layout_geoelf_octagon, minmay_misc_feat_columns
Elf:3:    elf_hall, layout_geoelf_diagonals, serial_shops,
          nicolae_shop_tiny_waterfront, minmay_shoptagon
Vaults:1: gammafunk_ghost_ooze, nicolae_vaults_closet_pinwheel_6,
          minmay_orc_keep, v_misc_24, nicolae_vaults_border_crossing,
          grunt_vaults_hallway_short, vaults_mumra_hexcomb,
          nicolae_vaults_trapezoid_lopsided_3, v_pattern_1,
          layout_vaults_omnigrid, uniq_asterion
Vaults:2: nicolae_vaults_rhombus_6, vaults_dpeg_ring, v_rooms_6,
          nicolae_vaults_tetromino_T_2, vaults_dpeg_diagonal,
          nicolae_vaults_prndl, hangedman_vaults_stagger,
          gammafunk_sealed_arena, hangedman_vaults_trim, v_misc_15,
          hangedman_vaults_trim, v_misc_27, nicolae_vaults_apartment_2,
          nicolae_vaults_trapezoid_2, grunt_vaults_focal,
          nicolae_vaults_tetromino_Z_2, nicolae_vaults_tetromino_Z_1,
          layout_vaults_omnicross, uniq_margery
Vaults:3: v_misc_5, lightli_church_of_beogh, nicolae_vaults_little_squares_3,
          nicolae_vaults_triangles, ontoclasm_vaults_gateway,
          serial_library_hellmonk_semicircle, nicolae_vaults_shelves_hall,
          v_alt_pattern_3, nicolae_vaults_swerve,
          nicolae_vaults_trapezoid_lopsided_1, minmay_crypt_entry_necro_gods,
          hangedman_vaults_trim, nicolae_vaults_six-pack,
          nicolae_vaults_sesquioval_fish, layout_vaults_ring, serial_shops,
          shop, shop
Vaults:4: serial_library_hellmonk_angled_corner, nicolae_vaults_six-pack,
          vaults_dpeg_cross, nicolae_vaults_weapon_check,
          nicolae_vaults_storage_closets_1, nicolae_vaults_closet_pinwheel_1,
          nicolae_vaults_layer_cake_slice, nicolae_vaults_network_star,
          ontoclasm_vaults_ring_large, nicolae_vaults_hexular_roomagon,
          layout_vaults_omnibox
Vaults:5: uniq_jory, uniq_sojobo
Depths:1: layout_cave_pools, pf_vacation_house_of_asmodeus,
          nicolae_water_bricks, nicolae_yredelemnul_corpse_copse
Depths:2: minmay_the_grid_net [minmay_the_grid_diamond_grid,
          minmay_the_grid_all_tris, minmay_the_grid_rooms,
          minmay_the_grid_artifice, minmay_the_grid_spikes,
          minmay_the_grid_prize_inner_circle], layout_long_grid, hell_entry,
          rand_demon_pan_entry_9, water_maze_lemuel, minmay_staircase_bubble
Depths:3: hangedman_screamer, layout_basic, abyss_entry, grunt_pan_entry_zigzag,
          hell_entry, hellmonk_ghost_happy_afterlife,
          infiniplex_staircase_zigzag_4
Depths:4: grunt_x_marks_the_spot, layout_cave_pools, enter_ziggurat_f,
          pan_entry, wad_floor_pattern_1, grunt_mini_vestibule, uniq_enchantress
Hell
Zot:1:    evilmike_crystal_ball_defense, layout_gridlike, grunt_megastairs_5,
          uniq_tiamat
Zot:2:    layout_twisted_circle, regret_index_zotdec_carving_tricks,
          nrook_zot_tub
Zot:3:    layout_cathedral_of_symmetry, regret_index_zotdec_ex
Zot:4:    layout_cathedral_of_symmetry, regret_index_zotdec_tunneler
Zot:5:    layout_onion

Skill      XL: |  1  2  3  4  5  6  7  8  9 10 11 12 13 14 15 16 17 18 19 20 21 22 23 24 25 26 27 |
---------------+----------------------------------------------------------------------------------+-----
Axes           | 3 4 5 6 7 9 10 11 12 13 14 15 16 17 18 19 20 21 23 | 23.9
Fighting       | 4 5 6 7 8 9 10 11 12 13 14 15 16 17 19 | 19.4
Ranged Weapons | 3 4 6 7 11 12 13 14 15 16 17 18 19 20 21 23 | 23.5
Evocations     | 2 4 6 7 8 9 10 11 14 | 14.4
Dodging        | 1 2 4 5 6 7 8 9 10 11 12 13 15 | 15.1
Armour         | 4 5 6 7 8 9 10 11 12 13 14 15 16 18 | 18.1
Shields        | 5 6 7 8 9 10 12 13 14 16 17 18 19 20 21 24 | 24.4
Stealth        | 3 5 6 8 9 10 11 12 13 14 15 16 17 | 17.0
Invocations    | 3 4 5 6 7 8 9 10 11 12 | 12.0

Action                     |  1- 3 |  4- 6 |  7- 9 | 10-12 | 13-15 | 16-18 | 19-21 | 22-24 | 25-27 || total
---------------------------+-------+-------+-------+-------+-------+-------+-------+-------+-------++-------
  Melee: War axe           |    84 |   125 |       |       |    17 |     6 |    12 |       |       ||   244
         Battleaxe         |       |     4 |   152 |   533 |   595 |   744 |   789 |   948 |  1318 ||  5083
   Fire: Orcbow            |       |       |       |    47 |       |       |       |       |   161 ||   208
         Shortbow          |       |       |       |     7 |   183 |    66 |       |       |       ||   256
         Arbalest          |       |       |       |       |       |   359 |   365 |   348 |   561 ||  1633
         Longbow           |       |       |       |       |       |       |   300 |       |       ||   300
 Invoke: Slouch            |       |       |       |       |     1 |     1 |    13 |       |     2 ||    17
         Step From Time    |       |       |       |       |       |     1 |     1 |     1 |     2 ||     5
         Bend Time         |       |       |       |       |       |     1 |     1 |       |       ||     2
Ability: Dig               |       |     1 |       |     1 |     1 |     6 |     3 |     2 |    11 ||    25
         Shaft Self        |       |       |       |       |       |       |       |     2 |       ||     2
  Evoke: Wand              |       |     1 |       |     5 |       |     6 |     4 |       |       ||    16
         Phantom mirror    |       |       |       |       |     1 |     1 |     1 |       |       ||     3
         Tin of tremorston |       |       |       |       |       |       |       |       |     1 ||     1
    Use: Scroll            |       |    15 |       |    11 |     5 |    12 |     3 |     2 |    14 ||    62
         Potion            |       |     1 |     1 |     1 |     1 |    13 |     4 |     7 |    18 ||    46
   Stab: Invisible         |       |     1 |       |       |       |       |       |       |       ||     1
         Sleeping          |       |       |       |       |       |     2 |     5 |     1 |     2 ||    10
         Distracted        |       |       |       |       |       |       |       |     8 |       ||     8
 Armour: Chain mail        |    66 |    69 |   140 |    67 |     6 |    79 |   232 |   388 |    32 ||  1079
         Scale mail        |     2 |       |       |       |       |       |       |       |       ||     2
         Plate armour      |       |       |       |   244 |   212 |       |       |       |       ||   456
         Leather armour    |       |       |       |       |       |   216 |   203 |       |       ||   419
         Gold dragon scale |       |       |       |       |       |       |       |       |   672 ||   672
  Dodge: Dodged            |    30 |    37 |    40 |   130 |   374 |   544 |   607 |   508 |   557 ||  2827
  Block: Buckler           |    29 |    31 |       |       |       |       |       |       |       ||    60
         Kite shield       |       |     3 |   138 |   506 |   611 |   962 |  1001 |   917 |  1283 ||  5421
         Reflection        |       |       |       |       |       |    30 |    80 |       |    21 ||   131

Table legend: (Time is in decaauts)
 A = Elapsed time spent in this place.
 B = Non-inter-level travel time spent in this place.
 C = Inter-level travel time spent in this place.
 D = Time resting spent in this place.
 E = Time spent auto-exploring this place.
 F = Levels seen in this place.
 G = Mean time per level.
                   A        B        C        D        E       F      G
               +--------+--------+--------+--------+--------+-----+--------+
         Total |  98717 |  82741 |  15976 |  12906 |  11410 |  58 | 1702.0 |
       Dungeon |  22190 |  16220 |   5970 |   2141 |   1805 |  15 | 1479.3 |
        Temple |     23 |     23 |      0 |      0 |      0 |   1 |   23.0 |
          Lair |  10904 |   8192 |   2712 |    963 |    999 |   5 | 2180.8 |
        Shoals |   9091 |   8849 |    242 |   3278 |    686 |   4 | 2272.8 |
   Spider Nest |   7858 |   6930 |    928 |   1205 |    923 |   4 | 1964.5 |
    Slime Pits |   4659 |   4200 |    459 |    156 |   2632 |   5 |  931.8 |
  Orcish Mines |   3619 |   2694 |    925 |    802 |    180 |   2 | 1809.5 |
   Elven Halls |   6937 |   6137 |    800 |    955 |   1177 |   3 | 2312.3 |
        Vaults |  13629 |  11414 |   2215 |    634 |   1523 |   5 | 2725.8 |
        Depths |   8139 |   7295 |    844 |   1594 |    845 |   4 | 2034.8 |
          Hell |   1447 |   1227 |    220 |     81 |    100 |   1 | 1447.0 |
           Zot |   8505 |   7847 |    658 |    630 |    537 |   5 | 1701.0 |
         Abyss |    699 |    699 |      0 |     58 |      0 |   3 |  233.0 |
      Gauntlet |   1011 |   1011 |      0 |    404 |      0 |   1 | 1011.0 |
               +--------+--------+--------+--------+--------+-----+--------+

Top non-repeatable levels by time:
Vaults:1: 3438 daAuts
    D:11: 3230 daAuts
Vaults:5: 3190 daAuts
  Lair:5: 3035 daAuts
Shoals:3: 2837 daAuts
Shoals:4: 2671 daAuts
  Lair:1: 2613 daAuts
Depths:3: 2594 daAuts
    D:12: 2577 daAuts
   Elf:1: 2566 daAuts
Vaults:3: 2536 daAuts
Depths:2: 2453 daAuts
Spider:3: 2432 daAuts
Vaults:2: 2373 daAuts
   Elf:2: 2344 daAuts
